Map: Coda EC

Players

AgCl

  • Race: Protoss Protoss
  • League: Grandmaster

Luzyus - Winner!

  • Race: Zerg Zerg
  • League: Grandmaster

VOD

Have the link to the VOD?

Description

Time

  • Played on: June 6, 2015, 12:01 a.m.
  • Length: 4:59
Show
View Real Time Build Order
Export as new Build Order

AgCl Protoss 

Build Orders:  

Get SALT Encoding   

  12  0:06  Probe  
  13  0:22  Pylon  
  13  0:23  Probe  
  14  0:41  Gateway  
  14  0:45  Probe  
  14  0:49  Assimilator  
  15  0:57  Probe  
  16  1:05  Pylon  
  16  1:09  Probe  
  17  1:21  Probe  
  18  1:29  Zealot (Chrono Boost)  
  20  1:41  Cybernetics Core, Gateway  
  20  1:42  Probe (Chrono Boost)  
  21  1:52  Probe (Chrono Boost)  
  21  1:54  Zealot (Chrono Boost)  
  24  1:59  Probe  
  25  2:11  Probe  
  26  2:23  Probe (Chrono Boost)  
  26  2:26  Pylon  
  27  2:35  Mothership Core (Chrono Boost)  
  29  2:37  Assimilator  
  29  2:49  Probe  
  30  2:56  Stargate  
  30  3:01  Probe  
  30  3:03  Pylon  
  30  3:05  Gateway  
  32  3:13  Probe, Pylon  
  33  3:25  Probe  
  36  3:41  Probe  
  36  3:46  Adept (Chrono Boost)  
  32  3:55  Gateway  
  32  3:56  Probe  
  32  3:57  Pylon  
  33  4:03  Pylon  
  33  4:08  Forge  
  34  4:16  Zealot  
  34  4:20  Void Ray (Chrono Boost)  
  37  4:28  Probe  
  38  4:42  Cybernetics Core, Probe  
Show
View Real Time Build Order
Export as new Build Order

Luzyus Zerg - Winner!

Build Orders: Pool First 

Get SALT Encoding   

  12  0:01  Drone  
  13  0:08  Drone  
  14  0:26  Spawning Pool  
  13  0:29  Drone  
  14  0:39  Overlord  
  14  0:45  Drone, Extractor  
  15  0:59  Drone x2  
  17  1:14  Queen  
  19  1:27  Hatchery  
  19  1:30  Zergling x2  
  19  1:32  Zergling x2  
  20  1:35  Zergling x2  
  21  1:42  Zergling x2  
  22  2:03  Overlord  
  22  2:07  Extractor  
  21  2:09  Extractor, Queen  
  21  2:14  Overlord  
  24  2:25  Drone  
  24  2:26  Drone  
  25  2:47  Queen  
  25  2:48  Zergling x2  
  25  2:49  Zergling x4  
  28  2:55  Zergling x2  
  28  2:56  Zergling x8  
  32  3:04  Zergling x2  
  33  3:18  Zergling x2  
  33  3:40  Queen  
  31  3:51  Zergling x2  
  31  3:52  Zergling x4  
  31  3:53  Zergling x14  
  39  4:02  Extractor  
  39  4:03  Extractor  
  36  4:12  Zergling x2  
  35  4:18  Drone  
  36  4:27  Spore Crawler  
  36  4:29  Drone x4  
  36  4:30  Spore Crawler  
  37  4:46  Drone x2  
  37  4:47  Drone x2  
Tags
 
Add a new tag
Caveats
  • Supply blocks, unpowered buildings, or Contaminate may cause inaccurate times.
  • Supply counts are checked every 10 seconds.